 Dungeon Crawl Stone Soup version 0.20-a0-792-g09bcfd3 (webtiles) character file.

3824 krabocopter the Carver (level 10, -5/80 HPs)
             Began as a Formicid Fighter on Feb 28, 2017.
             Was a Follower of Okawaru.
             Slain by a large abomination (32 damage)
             ... on level 2 of the Abyss.
             The game lasted 00:32:53 (8886 turns).

krabocopter the Carver (Formicid Fighter)           Turns: 8886, Time: 00:32:53

Health: -5/80      AC:  8    Str: 18      XL:     10   Next: 40%
Magic:  11/11      EV: 11    Int:  7 (9)  God:    Okawaru [*.....]
Gold:   512        SH:  5    Dex: 13      Spells: 10/11 levels left

rFire    . . .     SeeInvis +   a - +0 long sword
rCold    . . .     Gourm    .   b - +0 scale mail
rNeg     . . .     Faith    .   j - +0 buckler
rPois    .         Spirit   .   (helmet unavailable)
rElec    .         Reflect  .   m - +0 cloak
rCorr    +         Harm     .   (no gloves)
MR       +....                  (no boots)
Stlth    +.........             D - amulet of regeneration
Regen    0.7/turn               y - ring of stealth
MPRegen  0.2/turn               g - ring of resist corrosion

@: no status effects
A: permanent stasis, dig shafts and tunnels, four strong arms, antennae 3,
screaming 1, weak 1
a: Dig, Shaft Self, Heroism, Renounce Religion


You were on level 2 of the Abyss.
You worshipped Okawaru.
Okawaru was aware of your devotion.
You were not hungry.

You visited 2 branches of the dungeon, and saw 10 of its levels.
You visited the Abyss 1 time.

You collected 512 gold pieces.

Inventory:

Hand Weapons
 a - a +0 long sword (weapon)
Armour
 b - a +0 scale mail (worn)
 j - a +0 buckler (worn)
 m - a +0 cloak (worn)
Magical Staves
 M - an uncursed staff of power
Jewellery
 g - a ring of resist corrosion (left hand)
 o - an uncursed ring of ice
 y - a ring of stealth (right hand)
 D - an amulet of regeneration (around neck)
 H - an uncursed ring of fire
 N - an uncursed ring of protection from fire {unknown}
Wands
 A - a wand of confusion (16/48)
 F - a wand of clouds (5/9)
Scrolls
 c - a scroll of amnesia {unknown}
 e - a scroll of enchant weapon {unknown}
 h - a scroll of remove curse
 l - 2 scrolls of enchant armour {unknown}
 p - 2 scrolls of fear {unknown}
 q - 7 scrolls of identify
 r - 2 scrolls of noise {unknown}
 s - 2 scrolls of recharging {unknown}
 v - 2 scrolls of random uselessness {unknown}
 w - a scroll of immolation {unknown}
 x - a scroll of magic mapping {unknown}
 C - a scroll of holy word {unknown}
 G - 2 scrolls of fog {unknown}
Potions
 i - 3 potions of brilliance {unknown}
 k - 4 potions of curing
 n - a potion of heal wounds
 u - a potion of agility
 z - a potion of haste
 B - a potion of flight {unknown}
 J - a potion of mutation {unknown}
Books
 K - a book of Power

   Spells                             Type                      Level
   a - Iskenderun's Battlesphere      Conjuration/Charms           5
   b - Venom Bolt                     Conjuration/Poison           5
   c - Bolt of Magma                  Conjuration/Fire/Earth       5
   d - Iron Shot                      Conjuration/Earth            6
   e - Orb of Destruction             Conjuration                  7
   f - Spellforged Servitor           Conjuration/Summoning        7
 L - a book of Minor Magic

   Spells                             Type                      Level
   a - Magic Dart                     Conjuration                  1
   b - Blink                          Translocation                2
   c - Call Imp                       Summoning                    2
   d - Slow                           Hexes                        2
   e - Conjure Flame                  Conjuration/Fire             3
   f - Mephitic Cloud                 Conjuration/Poison/Air       3
Comestibles
 d - 3 fruits
 f - 6 bread rations
 E - 3 meat rations
 I - 2 royal jellies


   Skills:
 - Level 8.2 Fighting
 - Level 10.6 Long Blades
 - Level 4.2 Armour
 + Level 2.6 Dodging
 - Level 7.0 Shields
 + Level 1.1 Spellcasting
 + Level 0.6 Conjurations
 - Level 2.0 Invocations


You had 10 spell levels left.
You knew the following spells:

 Your Spells              Type           Power        Failure   Level  Hunger
a - Magic Dart            Conj           #...         92%         1    ##.....


Dungeon Overview and Level Annotations

Branches:
Dungeon (9/15)             Temple (1/1) D:7
   Lair: D:8-11         Orc: D:9-12

Altars:
Ashenzari
Cheibriados
Dithmenos
Elyvilon
Fedhas
Gozag
Hepliaklqana
Makhleb
Nemelex Xobeh
Okawaru
Qazlal
Ru
Sif Muna
Trog
Uskayaw
Vehumet
Wu Jian
Xom
Yredelemnul
The Shining One

Shops:
D:4 =

Annotations:
D:4 cool amulet
D:9 Psyche


Innate Abilities, Weirdness & Mutations

You cannot be hasted, slowed, berserked, paralysed or teleported.
You can dig through walls and to a lower floor.
Your four strong arms can wield two-handed weapons with a shield.
You have a pair of large antennae on your head. (SInv)
You occasionally shout uncontrollably at your foes.
You are weak. (Str -2)


Message History

The shadow imp disappears in a puff of smoke!
Your Spellcasting skill increases to level 1!
The large abomination hits you!!
* * * LOW HITPOINT WARNING * * *
All of the chunks of flesh in your inventory have rotted away.
You take 29 damage, and have 23/80 hp.
MASSIVE DAMAGE!!
You feel much better. The large abomination hits you!!
* * * LOW HITPOINT WARNING * * *
You take 4 damage, and have 22/80 hp.
Found a scroll labeled VOED CEDYDUSIY.
A lurking horror comes into view.
The lurking horror explodes!
Your body is wracked with pain!
* * * LOW HITPOINT WARNING * * *
You take 15 damage, and have 18/80 hp.
A ynoxinul comes into view.
The ynoxinul bellows!
The ynoxinul gestures.
The large abomination hits you!!
You die...

{ { # #
##########...## ##
.......@.# ..... .
########X##.##...
# #5##..#..... .##
###.###.#... #
....{?...........
#55.{........... .
....{.##.###.#####
...##.#.......# ..
#.#..###..#


You could see a large abomination and an ufetubus.

Vanquished Creatures
  A hippogriff (D:7)
  The ghost of Sapher the Ruffian, an amateur GrTm (D:5)
  2 wyverns (D:8)
  Eustachio (D:4)
  A neqoxec (Abyss:2)
  A water moccasin (D:8)
  2 sky beasts
  3 orc warriors
  2 ice beasts
  3 phantoms
  2 black bears (D:7)
  A centaur (D:7)
  3 ogres
  A crocodile (D:8)
  4 bullfrogs
  3 scorpions
  A crimson imp (D:9)
  A centaur zombie (D:6)
  4 hounds
  A bullfrog skeleton (D:6)
  A jelly (D:6)
  An orc wizard (D:9)
  4 orc priests
  2 centaur skeletons
  Ijyb (D:3)
  2 iguanas
  3 worker ants
  2 hound skeletons
  12 adders
  4 gnolls (D:8)
  2 shadow imps
  An adder zombie (D:6)
  2 adder skeletons
  A worm (D:3)
  A dart slug (D:2)
  7 leopard geckos
  17 orcs
  A ball python (D:2)
  8 giant cockroaches
  2 gnoll zombies (D:2)
  10 goblins
  6 hobgoblins
  12 jackals
  A quokka (D:6)
  8 bats
  4 frilled lizards
  2 jackal skeletons
  A jackal zombie (D:6)
  7 kobolds
  A leopard gecko skeleton (D:4)
  A leopard gecko zombie (D:5)
  13 rats
178 creatures vanquished.

Vanquished Creatures (others)
  A bush (D:7)
  A lurking horror (Abyss:2)
2 creatures vanquished.

Grand Total: 180 creatures vanquished

Notes
Turn   | Place    | Note
-------+----------+-------------------------------------------
     0 | D:1      | krabocopter the Formicid Fighter began the quest for the Orb.
     0 | D:1      | Reached XP level 1. HP: 18/18 MP: 1/1
   256 | D:1      | Reached XP level 2. HP: 22/24 MP: 2/2
   747 | D:1      | Reached XP level 3. HP: 30/30 MP: 3/3
   925 | D:2      | Reached skill level 3 in Long Blades
  1214 | D:2      | Reached XP level 4. HP: 36/37 MP: 4/4
  1498 | D:2      | Found an ornate altar of the Wu Jian Council.
  1650 | D:2      | Found a basalt altar of Yredelemnul.
  2060 | D:3      | Noticed Ijyb
  2101 | D:3      | Killed Ijyb
  2101 | D:3      | Reached skill level 4 in Long Blades
  2101 | D:3      | Reached XP level 5. HP: 35/43 MP: 5/5
  2698 | D:4      | Found Plog's Jewellery Shoppe.
  3086 | D:4      | Noticed Eustachio
  3145 | D:4      | Killed Eustachio
  3145 | D:4      | Reached skill level 5 in Long Blades
  3145 | D:4      | Reached XP level 6. HP: 39/49 MP: 6/6
  3382 | D:5      | Entered Level 5 of the Dungeon
  3415 | D:5      | Reached skill level 5 in Fighting
  3415 | D:5      | Reached XP level 7. HP: 49/56 MP: 7/7
  3455 | D:5      | Noticed Sapher's ghost (amateur GrTm)
  3475 | D:5      | Killed Sapher's ghost
  3475 | D:5      | Reached skill level 5 in Shields
  3555 | D:5      | Reached skill level 6 in Long Blades
  3972 | D:5      | Reached XP level 8. HP: 49/64 MP: 8/8
  4530 | D:5      | Reached skill level 7 in Long Blades
  5560 | D:6      | Reached XP level 9. HP: 12/71 MP: 9/9
  5865 | D:6      | Reached skill level 8 in Long Blades
  6165 | D:7      | Noticed a hippogriff
  6181 | D:7      | Killed a hippogriff
  6233 | D:7      | Found a bloodstained altar of Trog.
  6342 | D:7      | Reached skill level 9 in Long Blades
  6604 | D:7      | Found a staircase to the Ecumenical Temple.
  6696 | Temple   | Entered the Ecumenical Temple
  6717 | Temple   | Became a worshipper of Warmaster Okawaru
  7299 | D:8      | Reached * piety under Okawaru
  7664 | D:8      | Reached skill level 10 in Long Blades
  7664 | D:8      | Reached XP level 10. HP: 70/80 MP: 10/10
  7814 | D:8      | Reached skill level 1 in Dodging
  7892 | D:8      | Found a blossoming altar of Fedhas.
  7892 | D:8      | Found a hide-covered altar of Uskayaw.
  8281 | D:8      | Reached skill level 1 in Invocations
  8412 | D:8      | Learned a level 1 spell: Magic Dart
  8711 | D:9      | Noticed Psyche
  8721 | D:9      | Cast into level 2 of the Abyss (Psyche)
  8770 | Abyss:2  | Noticed a green death
  8803 | Abyss:2  | Found an iron altar of Okawaru.
  8823 | Abyss:2  | Noticed a large abomination
  8836 | Abyss:2  | Gained mutation: You occasionally shout uncontrollably at your foes. [a neqoxec]
  8844 | Abyss:2  | Gained mutation: You are weak. (Str -2) [a neqoxec]
  8847 | Abyss:2  | Reached skill level 1 in Spellcasting
  8886 | Abyss:2  | Slain by a large abomination

Vault maps used:
D:1:      elethiomel_arrival_quiet
D:2:      lemuel_zombie_altar_yredelemnul, lemuel_crystal_altar
D:3:      grunt_ministairs_14, uniq_iyjb
D:4:      serial_shops, shop, first_bread, uniq_eustachio
D:5:      minmay_misc_feat_enclosed, minmay_misc_feat_secret_circle
D:7:      trog_ov_bears_minmay, minmay_temple_entry_poolview
D:8:      grunt_temple_overflow_open
D:9:      lemuel_mausoleum_altar_kikubaaqudgha, serial_shops, shop,
          hangedman_ranch, lemuel_statue_altar, uniq_psyche
Temple:   nicolae_temple_elliptical

Skill      XL: |  1  2  3  4  5  6  7  8  9 10 |
---------------+-------------------------------+-----
Long Blades    | 3 4 5 6 7 10 | 10.6
Fighting       | 4 5 6 8 |  8.2
Shields        | 4 5 6 7 |  7.0
Dodging        | 2 |  2.6
Armour         | 4 |  4.2
Invocations    | 2 |  2.0
Spellcasting   | 1 |  1.1
Conjurations   | |  0.6

Action                   |  1- 3 |  4- 6 |  7- 9 | 10-12 || total
-------------------------+-------+-------+-------+-------++-------
Melee: Long sword        |    83 |   197 |   418 |   174 ||   872
Invok: Heroism           |       |       |     1 |     2 ||     3
Evoke: Wand              |       |     2 |       |       ||     2
  Use: Scroll            |     2 |     1 |       |       ||     3
       Potion            |       |     3 |     4 |     1 ||     8
  Eat: Chunk             |     1 |     7 |    11 |     4 ||    23
       Royal jelly       |       |       |     2 |       ||     2
Armor: Scale mail        |    37 |   120 |   148 |    39 ||   344
Dodge: Dodged            |    42 |    93 |   156 |    74 ||   365
Block: Shield            |     2 |       |       |       ||     2
       Buckler           |    15 |    59 |    82 |    31 ||   187
       Rpst.: Long sword |    16 |    32 |    46 |    18 ||   112
